 Dungeon Crawl Stone Soup version 0.26-a0-651-gb41185065b (webtiles) character file.

Game seed: 1178468747994950731

1102 Conn the Digger (level 8, -3/49 HPs)
             Began as an Octopode Earth Elementalist on Sept 29, 2020.
             Slain by Duvessa
             ... wielding a cursed +0 short sword
              (4 damage)
             ... on level 6 of the Dungeon.
             The game lasted 00:27:14 (6321 turns).

Conn the Digger (Octopode Earth Elementalist)       Turns: 6321, Time: 00:27:16

Health: -3/49      AC:  1    Str:  6 (8)  XL:     8   Next: 32%
Magic:  8/15       EV: 15    Int: 17 (19) God:
Gold:   286        SH:  0    Dex: 21 (22) Spells: 7/17 levels left

rFire    . . .     SeeInvis .   a - +3 short sword
rCold    + . .     Faith    .   (no shield)
rNeg     . . .     Spirit   .   (helmet restricted)
rPois    .         Reflect  .   (no amulet)
rElec    .         Harm     .   i - ring of resist corrosion
rCorr    +         Rampage  .   r - +6 ring of dexterity
MR       .....                  D - ring of protection from cold
Stlth    ++++......             (no ring)
HPRegen  0.00/turn              (no ring)
MPRegen  0.14/turn              (no ring)
                                (no ring)
                                (no ring)

@: flying
A: almost no armour, stealthy swim, amphibious, 8 rings, constrict 8, camouflage
1, agile 2, inhibited regeneration, gelatinous body 1
a: no special abilities


You were on level 6 of the Dungeon.
You visited 1 branch of the dungeon, and saw 6 of its levels.

You collected 286 gold pieces.

Inventory:

Hand Weapons
 a - a +3 short sword (weapon)
 b - a +1 vorpal shortbow
 g - a +0 dagger
 l - a +0 rapier
Missiles
 p - 26 poisoned darts
 t - a throwing net
 x - 56 sling bullets
 B - 69 stones (quivered)
 C - 18 arrows
Armour
 q - a +0 kite shield
 A - a +1 buckler
Jewellery
 i - a ring of resist corrosion (left tentacle)
 r - a +6 ring of dexterity (right tentacle)
 D - a ring of protection from cold (on tentacle)
Wands
 n - a wand of random effects (19)
 v - a wand of enslavement (7)
Scrolls
 c - a scroll of magic mapping
 d - a scroll of random uselessness
 e - 2 scrolls of enchant armour
 f - 6 scrolls of identify
 j - 3 scrolls of teleportation
 w - a scroll of blinking {unknown}
 y - 2 scrolls of remove curse
 F - a scroll of immolation {unknown}
Potions
 h - a potion of brilliance
 k - 2 potions of stabbing
 m - 2 potions of might


   Skills:
 + Level 1.7 Fighting
 + Level 3.0 Short Blades
 + Level 3.0 Dodging
 + Level 4.7 Stealth
 + Level 1.1 Shields
 * Level 5.2 Spellcasting
 + Level 1.1 Conjurations
 * Level 2.4 Transmutations
 * Level 5.6 Earth Magic
 + Level 0.1 Evocations


You had 7 spell levels left.
You knew the following spells:

 Your Spells              Type           Power        Failure   Level
a - Sandblast             Erth           ###...       1%          1
b - Stone Arrow           Conj/Erth      ###...       11%         3
c - Petrify               Tmut/Erth      ###.....     26%         4
d - Passwall              Tmut/Erth      ###.....     4%          2

Your spell library contained the following spells:

 Spells                   Type           Power        Failure   Level
 Lee's Rapid Deconstruct  Erth           ###.......   36%         5


Dungeon Overview and Level Annotations

Branches:
Dungeon (6/15)
 Temple: D:4-7

Altars:
Zin

Annotations:
D:6 Dowan, Duvessa


Innate Abilities, Weirdness & Mutations

You cannot wear most types of armour.
You are very stealthy in the water. (Stealth+)
You are amphibious.
You can wear up to eight rings at the same time.
You can use your tentacles to constrict eight enemies at once.
Your skin changes colour to match your surroundings (Stealth+).
Your rubbery body absorbs attacks. (AC +1, EV +1)
You are very agile. (Dex +4)
You do not regenerate when monsters are visible.


Message History

B - 69 stones You constrict Duvessa.
Dowan hits you with a +0 dagger.
* * * LOW HITPOINT WARNING * * *
Duvessa hits you with a cursed +0 short sword.
* * * LOW HITPOINT WARNING * * *
Okay, then.
Unknown command.
Okay, then.
Okay, then.
Unknown command.
Unknown command.
Unknown command.
Okay, then.
It was a potion of flight.
You feel very buoyant.
You fly up into the air.
You constrict Duvessa. Dowan hits you with a +0 dagger.
* * * LOW HITPOINT WARNING * * *
Duvessa hits you with a cursed +0 short sword.
You die...

#........#...#
#........##'######
####..................
...#..................
...#..................
...#..†...............
...##'####'#.....##+#.
..>....#...#.....#
.......#...#...e@#
...##..##..#....e#
...##..##..#.....#
...#....#..#.....#
...#....#..#.....#
...#...##..#.....##'#
...#...##..#.....'..#
..<#.......#.....#..#
...#.......#.....#..'.


You could see Duvessa and Dowan.

Vanquished Creatures
  Eustachio (D:5)
  A black bear (D:6)
  A phantom (D:6)
  An ogre (D:5)
  A centaur zombie (D:5)
  A crimson imp (D:4)
  2 orc priests
  2 hounds
  4 orc wizards
  2 iguanas
  Ijyb (D:4)
  4 worker ants
  A killer bee zombie (D:4)
  A hound skeleton (D:6)
  A worker ant zombie (D:5)
  3 gnolls (D:4)
  6 adders
  A white imp (D:4)
  An ufetubus (D:6)
  An adder zombie (D:5)
  4 worms (D:2)
  2 dart slugs
  A leopard gecko (D:1)
  13 orcs
  2 giant cockroaches
  5 goblins
  8 hobgoblins
  2 jackals (D:2)
  2 quokkas
  2 ball pythons
  4 bats
  2 frilled lizards
  A giant cockroach zombie (D:5)
  6 kobolds
  A quokka skeleton (D:2)
  7 rats
98 creatures vanquished.

Notes
Turn   | Place    | Note
-------+----------+-------------------------------------------
     0 | D:1      | Conn the Octopode Earth Elementalist began the quest for
                  | the Orb.
     0 | D:1      | Reached XP level 1. HP: 11/11 MP: 3/3
   264 | D:1      | You fall into a shaft and drop 1 floor!
   266 | D:2      | Reached XP level 2. HP: 17/17 MP: 3/5
   285 | D:2      | Reached XP level 3. HP: 21/21 MP: 1/6
   773 | D:2      | Reached XP level 4. HP: 27/27 MP: 3/8
  2144 | D:3      | Reached XP level 5. HP: 31/31 MP: 9/9
  2242 | D:3      | Found a faded altar of an unknown god.
  2514 | D:5      | Entered Level 5 of the Dungeon
  2690 | D:5      | Reached skill level 1 in Short Blades
  2858 | D:4      | Noticed Ijyb
  2882 | D:4      | Killed Ijyb
  2882 | D:4      | Reached XP level 6. HP: 20/37 MP: 3/11
  3361 | D:4      | Reached skill level 1 in Fighting
  3981 | D:3      | Gained mutation: You do not regenerate when monsters are
                  | visible. [potion of mutation]
  3981 | D:3      | Gained mutation: You are agile. (Dex +2) [potion of
                  | mutation]
  3981 | D:3      | Gained mutation: You are very agile. (Dex +4) [potion of
                  | mutation]
  3981 | D:3      | Reached skill level 5 in Earth Magic
  3981 | D:3      | Reached XP level 7. HP: 36/43 MP: 13/13
  4407 | D:3      | Found a glowing silver altar of Zin.
  4408 | D:3      | Noticed an angel
  4417 | D:3      | Learned a level 3 spell: Stone Arrow
  4422 | D:3      | Learned a level 4 spell: Petrify
  4425 | D:3      | Learned a level 2 spell: Passwall
  4962 | D:5      | Noticed Eustachio
  5089 | D:5      | Killed Eustachio
  5089 | D:5      | Reached skill level 1 in Shields
  5089 | D:5      | Reached skill level 1 in Conjurations
  5190 | D:5      | HP: 1/43 [hound (2)]
  5890 | D:5      | Reached XP level 8. HP: 14/48 MP: 7/15
  6145 | D:6      | Reached skill level 5 in Spellcasting
  6299 | D:6      | Noticed Duvessa
  6299 | D:6      | Noticed Dowan
  6321 | D:6      | HP: 1/49 [Dowan/+0 dagger (2)]
  6321 | D:6      | Slain by Duvessa

Illustrated notes

Levels and vault maps discovered:
D:1:      minmay_arrival_radiant_lines, layout_basic, minivault_24,
          chequers_serial_rivers_small_b
D:2:      wander_river, layout_rooms
D:3:      layout_basic, zin_angel, chequers_ecumenical_altar_grove,
          kennysheep_pointless_box
D:4:      layout_basic, minmay_misc_feat_more_columns, minmay_fire_ice_demons,
          uniq_ijyb
D:5:      layout_rooms, minmay_manual_monstrance, uniq_eustachio
D:6:      layout_gridville, minmay_liquid_box, nemelex_diamond_rough_becter,
          uniq_pikel, uniq_duvessa

Skill      XL: |  1  2  3  4  5  6  7  8 |
---------------+-------------------------+-----
Stealth        | 3 4 |  4.7
Spellcasting   | 3 4 5 |  5.2
Earth Magic    | 4 5 |  5.6
Short Blades   | 1 3 |  3.0
Fighting       | 1 |  1.7
Shields        | 1 |  1.1
Conjurations   | 1 |  1.1
Transmutations | 2 |  2.4
Dodging        | 3 |  3.0
Evocations     | |  0.1

Action                   |  1- 3 |  4- 6 |  7- 9 || total
-------------------------+-------+-------+-------++-------
Melee: Unarmed           |     2 |       |       ||     2
       Dagger            |    16 |     7 |       ||    23
       Constrict         |     3 |    25 |    15 ||    43
       Tentacles         |     1 |    10 |    17 ||    28
       Short sword       |       |    76 |    57 ||   133
       Rapier            |       |    14 |       ||    14
 Cast: Sandblast         |    29 |    48 |    47 ||   124
       Passwall          |       |       |     2 ||     2
Evoke: Wand              |       |       |     6 ||     6
  Use: Potion            |       |     6 |     4 ||    10
       Scroll            |       |       |     8 ||     8
 Stab: Sleeping          |     1 |     8 |     3 ||    12
Armor: Skin              |     1 |     3 |     4 ||     8
Dodge: Dodged            |     8 |    75 |    72 ||   155

Table legend: (Time is in decaauts)
 A = Elapsed time spent in this place.
 B = Non-inter-level travel time spent in this place.
 C = Inter-level travel time spent in this place.
 D = Time resting spent in this place.
 E = Time spent auto-exploring this place.
 F = Levels seen in this place.
 G = Mean time per level.
                   A        B        C        D        E       F      G
               +--------+--------+--------+--------+--------+-----+--------+
         Total |   6310 |   6177 |    133 |   2061 |   2445 |   6 | 1051.7 |
       Dungeon |   6310 |   6177 |    133 |   2061 |   2445 |   6 | 1051.7 |
               +--------+--------+--------+--------+--------+-----+--------+

Top non-repeatable levels by time:
     D:4: 1348 daAuts
     D:2: 1288 daAuts
     D:5: 1119 daAuts
     D:3: 1066 daAuts
     D:1: 896 daAuts
     D:6: 591 daAuts
